 Dungeon Crawl Stone Soup version 0.30-a0-121-gb27577e5d9 (webtiles) character file.

Game seed: 3618186361894832133

177 ragingrage the Sneak (level 5, -2/30 HPs)
             Began as a Kobold Brigand on Sept 14, 2022.
             Splashed by a jelly's acid (10 damage)
             ... on level 3 of the Dungeon.
             The game lasted 00:02:08 (2959 turns).

ragingrage the Sneak (Kobold Brigand)               Turns: 2959, Time: 00:02:09

Health: -2/30      AC: -2    Str:  8    XL:     5   Next: 88%
Magic:  5/5        EV: 12    Int: 13    God:
Gold:   127        SH:  0    Dex: 18    Spells: 4/4 levels left

rFire   . . .      SeeInvis .    a - +3 dagger
rCold   . . .      Faith    .    (no shield)
rNeg    . . .      Spirit   .    m - +3 ring mail "Lijaes" {Will+}
rPois   .          Reflect  .    (no helmet)
rElec   .          Harm     .    c - +0 cloak
rCorr   .          Rampage  .    (no gloves)
Will    +....                    l - +0 pair of boots
Stlth   ++++......               (no amulet)
HPRegen 0.10/turn                (no ring)
MPRegen 0.09/turn                (no ring)

@: corroded
A: small, no large weapons, nightstalker 3
a: no special abilities


You were on level 3 of the Dungeon.
You visited 1 branch of the dungeon, and saw 4 of its levels.

You collected 127 gold pieces.

Inventory:

Hand Weapons
 a - a +3 dagger (weapon)
Missiles
 d - 9 poisoned darts (quivered)
 e - 3 curare-tipped darts
 k - 4 boomerangs
Armour
 c - a +0 cloak (worn)
 j - a +1 robe of willpower
 l - a +0 pair of boots (worn)
 m - the +3 ring mail "Lijaes" (worn) {Will+}
   (You found it on level 2 of the Dungeon)

   Will:      It increases your willpower.
Wands
 i - a wand of flame (9)
Scrolls
 f - a scroll of poison
 g - 5 scrolls of identify
 n - a scroll of enchant armour {unknown}
Potions
 b - a potion of degeneration {unknown}
 h - 2 potions of flight {unknown}


   Skills:
 - Level 2.1 Fighting
 + Level 4.8 Short Blades
 + Level 3.9 Throwing
 - Level 1.2 Dodging
 + Level 6.9 Stealth


You had 4 spell levels left.
You didn't know any spells.
Your spell library contained the following spells:

 Spells                   Type           Power      Damage    Failure   Level
 Static Discharge         Conj/Air       0%         3-3/arc   82%         2
 Arcjolt                  Conj/Air       0%         1d10      100%        5
 Lightning Bolt           Conj/Air       0%         1d11      100%        5
 Maxwell's Capacitive Co  Air            0%         ∞         100%        8


Dungeon Overview and Level Annotations

Branches:
Dungeon (4/15)
 Temple: D:4-7

Altars:
Kikubaaqudgha


Innate Abilities, Weirdness & Mutations

You are small and have problems with some larger weapons.
You are completely attuned to the shadows.


Message History

No reachable target in view!
The bat hits you but does no damage.
You hit the bat.
The bat is moderately wounded.
The bat completely misses you.
You hit the bat.
You kill the bat!
No target in view!
You now have 127 gold pieces (gained 15).
Found a scroll of teleportation.
A gnoll comes into view. It is wielding a +0 halberd.
A gnoll is nearby!
A gnoll is nearby!
No reachable target in view!
Found a dagger.
The gnoll moves out of view.
A jelly comes into view.
A jelly is nearby!
A jelly is nearby!
You hit the jelly. The acid corrodes you!
Your hands burn!
The jelly is lightly wounded.
The jelly hits you but does no damage.
You hit the jelly.
Your hands burn!
The jelly is heavily wounded.
You hit the jelly. The acid corrodes you!
Your hands burn!
The jelly is heavily wounded.
The jelly hits you.
You are splashed with acid!
You are too injured to fight recklessly!
You are too injured to fight recklessly!
You are too injured to fight recklessly!
You are too injured to fight recklessly!
You are too injured to fight recklessly!
You hit the jelly. The acid corrodes you!
Your hands burn!
The jelly is heavily wounded.
The jelly completely misses you.
You hit the jelly but do no damage.
Your hands burn!
The jelly is heavily wounded.
The jelly hits you.
* * * LOW HITPOINT WARNING * * *
You are splashed with acid!
You die...

.≈.≈..###.####.########..#
≈≈.≈.....)# #.# #..#
g..≈..##### #.. #..##
≈≈≈≈..# ###. ####...##
.....# #... .......# ###.
##..# ##.....# #... ...
#.....# #..# #J# #....##
#..# #@# #.##.# ##..#######
#.# #.##.# #.....†...# #.#
#.##.# #.#.#####.# #.#
#.##<# ####.#.##
#.###.#####.##.# ........#
#...........##.#
.###.#..####.###.......##.#
.# #.............########.#
.# #.#.......###.#


You could see a jelly.

Vanquished Creatures
  A hound (D:4)
  An iguana (D:3)
  5 adders
  2 worms
  A dart slug (D:3)
  10 bats
  6 endoplasms
  A giant cockroach (D:2)
  3 goblins
  3 hobgoblins
  12 jackals
  2 kobolds
  2 quokkas
  5 ball pythons
  4 frilled lizards
  2 rats
60 creatures vanquished.

Notes
Turn   | Place    | Note
-------+----------+-------------------------------------------
     0 | D:1      | ragingrage the Kobold Brigand began the quest for the Orb.
     0 | D:1      | Reached XP level 1. HP: 12/12 MP: 1/1
   326 | D:1      | Reached XP level 2. HP: 17/17 MP: 2/2
  1164 | D:2      | Reached XP level 3. HP: 21/21 MP: 3/3
  1427 | D:2      | Reached skill level 6 in Stealth
  1442 | D:2      | Reached XP level 4. HP: 19/26 MP: 4/4
  1759 | D:2      | Found a faded altar of an unknown god.
  2062 | D:2      | Identified the +3 ring mail "Lijaes" {Will+}
  2553 | D:3      | You fall into a shaft and drop 1 floor!
  2569 | D:4      | Found an ancient bone altar of Kikubaaqudgha.
  2593 | D:4      | Reached XP level 5. HP: 30/30 MP: 5/5
  2959 | D:3      | Splashed by a jelly's acid

Illustrated notes

Levels and vault maps discovered:
D:1:      onia_arrival_mini_maze_b, layout_basic, kennysheep_flooded_box
D:2:      cheibrodos_old_hovel, layout_basic,
          hellmonk_ecumenical_altar_dog_temple, st_stairs_5, patterned_corridor
D:3:      layout_loops_ring, lemuel_coloured_pillars_altar, lemuel_round_altar,
          mainiacjoe_overflow_concentric_impassable, uniq_crazy_yiuf_cottage
D:4:      layout_cave_pools, mainiacjoe_overflow_cross_hatched,
          minmay_temple_entry_stoned_glass, supply_closet_lemuel,
          hangedman_decor_push

Skill      XL: |  1  2  3  4 |
---------------+-------------+-----
Short Blades   | 3 4 |  4.8
Stealth        | 6 |  6.9
Throwing       | 3 |  3.9
Fighting       | |  2.1
Dodging        | |  1.2

Action                   |  1- 3 |  4- 6 || total
-------------------------+-------+-------++-------
Melee: Dagger            |    61 |    97 ||   158
       Punch             |       |     1 ||     1
  Use: Scroll            |     1 |     3 ||     4
       Potion            |     1 |       ||     1
 Stab: Sleeping          |    15 |    14 ||    29
       Distracted        |     1 |       ||     1
Armor: Robe              |    11 |     8 ||    19
       Ring mail         |       |    24 ||    24
Dodge: Dodged            |    39 |    69 ||   108

Table legend: (Time is in decaauts)
 A = Elapsed time spent in this place.
 B = Non-inter-level travel time spent in this place.
 C = Inter-level travel time spent in this place.
 D = Time resting spent in this place.
 E = Time spent auto-exploring this place.
 F = Levels seen in this place.
 G = Mean time per level.
                   A        B        C        D        E       F      G
               +--------+--------+--------+--------+--------+-----+--------+
         Total |   2929 |   2827 |    102 |     67 |   2336 |   4 |  732.2 |
       Dungeon |   2929 |   2827 |    102 |     67 |   2336 |   4 |  732.2 |
               +--------+--------+--------+--------+--------+-----+--------+

Top non-repeatable levels by time:
     D:2: 1330 daAuts
     D:1: 1139 daAuts
     D:3: 393 daAuts
     D:4: 66 daAuts
